 Dungeon Crawl Stone Soup version 0.30.1-9-gdf580d7c3d (webtiles) character file.

Game seed: 9859122304484121281

36889 Peloso the Severer (level 13, -5/122 HPs)
             Began as a Minotaur Fighter on Oct 19, 2023.
             Was a High Priest of Okawaru.
             Slain by an entropy weaver (shapeshifter) (8 damage)
             ... on level 13 of the Dungeon.
             The game lasted 00:37:36 (17578 turns).

Peloso the Severer (Minotaur Fighter)              Turns: 17578, Time: 00:37:37

Health: -5/122     AC: 23    Str: 29    XL:     13   Next: 55%
Magic:  1/13       EV:  9    Int:  5    God:    Okawaru [*****.]
Gold:   1173       SH: 12    Dex: 15    Spells: 12/12 levels left

rFire   + . .        b - +3 war axe "Uptizxoj" {freeze, rC+ rCorr}
rCold   + . .        d - +0 buckler
rNeg    . . .        K - +0 plate armour
rPois   .            (helmet restricted)
rElec   .            F - +0 cloak
rCorr   +            u - +1 pair of gloves {infuse}
SInv    .            P - +2 pair of boots of Rego Goqo {rF+ Str+2}
Will    +....        S - amulet of reflection Stlth
                     J - +6 ring of strength
HPRegen 0.40/turn    f - ring of Sin {Will+ rCorr}
MPRegen 0.13/turn

%: reflection, infuse magic (1 MP)
@: no status effects
A: horns 2, retaliatory headbutt
a: Renounce Religion, Heroism, Finesse, Duel


You were on level 13 of the Dungeon.
You worshipped Okawaru.
Okawaru was extremely pleased with you.
You visited 4 branches of the dungeon, and saw 18 of its levels.
You also visited: Sewer and Ice Cave.

You collected 1872 gold pieces.
You spent 699 gold pieces at shops.

Inventory:

Hand Weapons
 a - a +0 long sword
 b - the +3 war axe "Uptizxoj" (weapon) {freeze, rC+ rCorr}
   (You found it in a sewer)

   rC:        It protects you from cold.
   rCorr:     It protects you from acid and corrosion.
Armour
 c - a +0 chain mail
 d - a +0 buckler (worn)
 p - a +2 pair of boots
 u - a +1 pair of gloves of infusion (worn)
 F - a +0 cloak (worn)
 K - a +0 plate armour (worn)
 P - the +2 pair of boots of Rego Goqo (worn) {rF+ Str+2}
   (Okawaru gifted it to you on level 2 of the Orcish Mines)

   Str:       It affects your strength (+2).
   rF:        It protects you from fire.
Jewellery
 f - the ring of Sin (right hand) {Will+ rCorr}
   (You bought it in a shop on level 2 of the Orcish Mines)

   [ring of willpower]

   rCorr:     It protects you from acid and corrosion.
   Will:      It increases your willpower.
 v - a ring of magical power
 J - a +6 ring of strength (left hand)
 L - a ring of see invisible
 S - an amulet of reflection (around neck)
 U - a ring of magical power
Wands
 e - a wand of acid (6)
 h - a wand of flame (11)
 z - a wand of charming (4)
 D - a wand of iceblast (20)
 I - a wand of digging (4)
 O - a wand of polymorph (3)
Scrolls
 j - 4 scrolls of poison
 k - 8 scrolls of teleportation
 m - 3 scrolls of fog
 n - a scroll of enchant armour
 o - 2 scrolls of enchant weapon
 q - a scroll of fear
 w - a scroll of magic mapping
 x - 4 scrolls of amnesia
 y - 2 scrolls of immolation
Potions
 g - 2 potions of might
 i - 6 potions of haste
 l - a potion of flight
 r - 2 potions of invisibility
 s - 2 potions of mutation
 t - a potion of resistance
 B - 4 potions of ambrosia {unknown}
 E - a potion of brilliance {unknown}
 G - a potion of berserk rage {unknown}
 H - a potion of cancellation {unknown}
 M - 2 potions of magic {unknown}
 Q - 2 potions of lignification {unknown}
Miscellaneous
 A - a box of beasts
 T - a condenser vane


   Skills:
 + Level 13.2 Fighting
 + Level 6.0 Long Blades
 + Level 17.4 Axes
 + Level 13.2 Armour
 + Level 2.9 Dodging
 + Level 1.1 Stealth
 + Level 10.9 Shields
 + Level 1.8 Invocations
 + Level 0.9 Evocations


You had 12 spell levels left.
You didn't know any spells.
Your spell library contained the following spells:

 Spells                   Type           Power      Damage    Failure   Level
 Ensorcelled Hibernation  Hex/Ice        0%         N/A       99%         2
 Static Discharge         Conj/Air       0%         2-2/arc   99%         2
 Dazzling Flash           Conj/Hex       0%         N/A       100%        3
 Portal Projectile        Hex/Tloc       0%         N/A       100%        3
 Spider Form              Tmut/Pois      0%         N/A       100%        3
 Airstrike                Air            0%         2d(0-16)  100%        4
 Anguish                  Hex/Necr       0%         N/A       100%        4
 Cause Fear               Hex            0%         N/A       100%        4
 Olgreb's Toxic Radiance  Pois           0%         N/A       100%        4
 Agony                    Necr           0%         N/A       100%        5
 Blade Hands              Tmut           0%         N/A       100%        5
 Silence                  Hex/Air        0%         N/A       100%        5
 Dragon Form              Tmut           0%         N/A       100%        7
 Ozocubu's Refrigeration  Ice            0%         4d7       100%        7
 Discord                  Hex            0%         N/A       100%        8
 Ignition                 Fire           0%         3d3       100%        8
 Polar Vortex             Ice            0%         N/A       100%        9
 Tukima's Dance           Hex            Unusable   N/A       N/A         3
 Summon Lightning Spire   Summ/Air       Unusable   N/A       N/A         4
 Simulacrum               Ice/Necr       Unusable   N/A       N/A         6
 Dragon's Call            Summ           Unusable   N/A       N/A         9

Dungeon Overview and Level Annotations

Branches:
Dungeon (13/15)            Temple (1/1) D:6            Lair (2/5) D:11
    Orc (2/2) D:11            Elf (0/3) Orc:2         Sewer (visited)
  IceCv (visited)
  Swamp: Lair:2-3    Shoals: Lair:2-3     Snake: Lair:2-3    Spider: Lair:2-3
 Vaults: D:13-14

Altars:
Ashenzari
Cheibriados
Dithmenos
Elyvilon
Fedhas
Gozag
Hepliaklqana
Kikubaaqudgha
Makhleb
Nemelex Xobeh
Okawaru
Qazlal
Ru
Sif Muna
Trog
Uskayaw
Vehumet
Wu Jian
Xom
Yredelemnul
Zin
The Shining One

Shops:
D:11 *   Orc:1 *   Orc:2 ([*=

Portals:
Trove: D:13 (give +3 ice dragon scales)

Annotations:
D:1 Dig
D:9 3 runed translucent doors, baghtru's ghost, novice HOFi
D:11 Dig


Innate Abilities, Weirdness & Mutations

You have a pair of horns on your head.
You reflexively headbutt those who attack you in melee.


Message History

Unknown command.
You hit the entropy weaver. You freeze the entropy weaver.
Your headbutt misses the entropy weaver.
The entropy weaver is severely wounded.
The entropy weaver hits you but does no damage.
The entropy weaver closely misses you.
You block the entropy weaver's attack. x2
Unknown command.
You slash the entropy weaver! You freeze the entropy weaver.
The entropy weaver is almost dead.
Unknown command.
You barely miss the entropy weaver. You headbutt the entropy weaver.
The entropy weaver is almost dead.
You block the entropy weaver's attack. x2; The entropy weaver hits you.
* * * LOW HITPOINT WARNING * * *
The entropy weaver hits you.
* * * LOW HITPOINT WARNING * * *
Unknown command.
You feel better. The entropy weaver misses you. The entropy weaver hits you.
* * * LOW HITPOINT WARNING * * *
The entropy weaver closely misses you. The entropy weaver hits you!
* * * LOW HITPOINT WARNING * * *
The entropy weaver closely misses you.
The entropy weaver hits you but does no damage.
You block the entropy weaver's attack. x2
You completely miss the entropy weaver.
The entropy weaver is almost dead.
Unknown command.
You barely miss the entropy weaver.
Your headbutt misses the entropy weaver.
The entropy weaver is almost dead.
The entropy weaver hits you but does no damage.
The entropy weaver hits you.
* * * LOW HITPOINT WARNING * * *
You block the entropy weaver's attack. x2
You feel better.
The entropy weaver hits you but does no damage. x3
The entropy weaver hits you.
* * * LOW HITPOINT WARNING * * *
The entropy weaver hits you!
You die...

##.##.# *,,,,,,,,,*****,,,
####...#.# #.#***,,,,,,∩,,,,,
#....∩...# #.# *,,,,*****,,,
#.##...#### #.# *,,,,,*,*,,,,
...##.##..# #.# *,,,,,,,,,,,,
....#.###.# #.# *,,,,,,,,,,,,
......# #.# #.# *,,,,,,,,,,,,
###.### #.####
#B#****?*,,**,***, ..#.# #....#
#@#*,..,,,,**,* **
..#.#####..#.###'##.#***,,**,*
*
..+.........>..)....###**,**,*
*
..##...................#*,,,,*
*
...........#........##.#*,*,,**
*
#.########+#..........^,,,*,,,*
* #.#
*,,,,..........##.#,,,,,,* *
#.# *,,...........##*,#,,*,*,*
* #.# *,............#
*,,,,*,*,* *


You could see an entropy weaver.

Vanquished Creatures
  Saint Roka (Orc:2)
  An ice dragon (D:13)
  4 two-headed ogres
  A boulder beetle (D:12)
  Urug (D:11)
  An orc high priest (Orc:2)
  7 orc knights
  2 orc sorcerers (Orc:2)
  A cyclops (D:12)
  2 ugly things
  A manticore (D:12)
  A black mamba (Lair:1)
  3 ice statues (IceCv)
  Maggie (D:6)
  4 cane toads
  An unseen horror (D:12)
  A kobold demonologist (D:10)
  A freezing wraith (IceCv)
  3 komodo dragons
  8 trolls
  2 polar bears (D:13)
  3 meliai (D:13)
  Prince Ribbit (D:5)
  10 blink frogs (Lair:1)
  3 shadows
  3 wyverns
  2 wraiths
  3 vampire mosquitoes (D:10)
  18 yaks
  A death yak simulacrum (IceCv)
  2 wargs (Orc:2)
  A steam dragon (D:9)
  Menkaure (D:7)
  2 harpy simulacra (IceCv)
  23 water moccasins
  32 orc warriors
  3 sky beasts
  An ice beast (D:6)
  2 wolves (D:13)
  7 ogres
  A centaur (D:8)
  2 phantoms
  Blork the orc (D:6)
  5 bullfrogs
  4 scorpions
  2 cane toad simulacra (IceCv)
  3 wights (D:8)
  2 elephant simulacra (IceCv)
  15 killer bees
  An electric eel (D:10)
  11 howler monkeys
  Crazy Yiuf (D:5)
  A gnoll bouda (D:8)
  5 hounds
  14 orc priests
  5 jellies
  2 iguanas
  Ijyb (D:5)
  23 orc wizards
  5 gnolls
  22 adders
  A river rat (Sewer)
  3 shadow imps
  A white imp (D:5)
  3 dart slugs
  64 orcs
  7 bats
  12 endoplasms
  8 giant cockroaches
  4 hobgoblins
  2 jackals (D:4)
  7 kobolds
  11 quokkas
  11 ball pythons
  8 frilled lizards
  14 goblins
  12 rats
459 creatures vanquished.

Vanquished Creatures (others)
  An ugly thing (IceCv)
  An orc (Orc:2)
2 creatures vanquished.

Grand Total: 461 creatures vanquished

Notes
Turn   | Place    | Note
-------+----------+-------------------------------------------
     0 | D:1      | Peloso the Minotaur Fighter began the quest for the Orb.
     0 | D:1      | Reached XP level 1. HP: 19/19 MP: 0/0
   230 | D:1      | Reached XP level 2. HP: 25/27 MP: 1/1
   424 | D:1      | Reached XP level 3. HP: 23/33 MP: 2/2
   906 | D:2      | Reached XP level 4. HP: 40/40 MP: 3/3
  1706 | D:3      | Reached skill level 1 in Dodging
  1999 | D:3      | Found a faded altar of an unknown god.
  2026 | D:3      | Reached XP level 5. HP: 41/47 MP: 4/4
  2051 | D:3      | Found a burning altar of Makhleb.
  2426 | D:4      | Reached skill level 5 in Armour
  2427 | D:4      | Found a glowing drain.
  2434 | Sewer    | Entered a sewer
  2533 | Sewer    | Identified the +3 war axe "Uptizxoj" {freeze, rC+ rCorr}
  2556 | Sewer    | Reached skill level 5 in Long Blades
  2567 | Sewer    | Found a viscous altar of Jiyva.
  2626 | Sewer    | Reached XP level 6. HP: 45/53 MP: 5/5
  2696 | Sewer    | Reached skill level 1 in Axes
  2831 | D:4      | Reached skill level 5 in Fighting
  2831 | D:4      | Reached skill level 2 in Axes
  2887 | D:4      | Reached XP level 7. HP: 61/61 MP: 4/6
  3316 | D:5      | Entered Level 5 of the Dungeon
  3320 | D:5      | Noticed Prince Ribbit
  3325 | D:5      | Killed Prince Ribbit
  3326 | D:5      | Reached skill level 3 in Axes
  3353 | D:5      | Reached skill level 4 in Axes
  3454 | D:5      | Found a stormy altar of Qazlal.
  3523 | D:5      | You fall into a shaft and drop 1 floor!
  3595 | D:6      | Found a staircase to the Ecumenical Temple.
  3610 | D:6      | Noticed Maggie
  3633 | D:6      | Killed Maggie
  3634 | D:6      | Reached skill level 5 in Axes
  3634 | D:6      | Reached skill level 5 in Shields
  3634 | D:6      | Reached XP level 8. HP: 28/69 MP: 1/7
  3644 | Temple   | Entered the Ecumenical Temple
  3963 | D:6      | Noticed Blork the orc
  3972 | D:6      | Reached skill level 6 in Axes
  3974 | D:6      | Killed Blork the orc
  4173 | D:6      | Found an ornate altar of the Wu Jian Council.
  4313 | D:5      | Found a runed translucent door.
  4314 | D:5      | Noticed Crazy Yiuf
  4398 | D:5      | Reached skill level 7 in Axes
  4493 | D:5      | Noticed Ijyb
  4498 | D:5      | Killed Ijyb
  4577 | D:5      | Found a blossoming altar of Fedhas.
  4746 | D:5      | Killed Crazy Yiuf
  4879 | D:7      | Identified the +5 ring mail of Refuge {rElec rPois Str+6
                  | Dex-5}
  4992 | D:7      | Noticed Menkaure
  4999 | D:7      | Killed Menkaure
  5042 | D:7      | Reached skill level 8 in Axes
  5152 | D:7      | Found a shadowy altar of Dithmenos.
  5577 | D:8      | Reached XP level 9. HP: 75/75 MP: 5/8
  5730 | D:8      | Reached skill level 9 in Axes
  6022 | D:8      | Found a sacrificial altar of Ru.
  6517 | D:8      | Reached skill level 10 in Axes
  6910 | D:9      | Noticed a cyan ugly thing
  6930 | D:9      | Reached skill level 11 in Axes
  6934 | D:9      | Killed a cyan ugly thing
  6935 | D:9      | Reached XP level 10. HP: 45/86 MP: 1/9
  7108 | D:9      | Noticed a two-headed ogre
  7119 | D:10     | Entered Level 10 of the Dungeon
  7281 | D:10     | Found a radiant altar of Vehumet.
  7334 | D:9      | Reached skill level 12 in Axes
  7496 | D:9      | Found a glowing silver altar of Zin.
  7503 | D:9      | Killed a two-headed ogre
  7542 | D:9      | Found a runed translucent gate.
  7542 | D:9      | Found a runed translucent gate.
  7543 | D:9      | Found a runed translucent gate.
  7544 | D:9      | Noticed baghtru's ghost (novice HOFi)
  7770 | D:10     | Found a broken altar of Ashenzari.
  7867 | D:10     | Found an iron altar of Okawaru.
  7879 | D:10     | Became a worshipper of Warmaster Okawaru
  8468 | D:10     | Reached skill level 13 in Axes
  8495 | D:10     | Reached * piety under Okawaru
  8497 | D:10     | Reached XP level 11. HP: 51/95 MP: 0/10
  9094 | D:11     | Noticed an orc knight
  9117 | D:11     | Killed an orc knight
  9117 | D:11     | Reached ** piety under Okawaru
  9118 | D:11     | Reached skill level 10 in Armour
  9122 | D:11     | HP: 1/97 [orc warrior/+1 glaive of protection (7)]
  9409 | D:11     | Reached skill level 14 in Axes
  9420 | D:11     | Noticed Urug
  9424 | D:11     | Noticed a two-headed ogre
  9437 | D:11     | Killed Urug
  9439 | D:11     | Killed a two-headed ogre
  9877 | D:11     | Found a staircase to the Lair.
 10126 | D:11     | Found a staircase to the Orcish Mines.
 10293 | D:11     | Found Vitzec's General Store.
 10299 | D:11     | Bought a scroll of magic mapping for 135 gold pieces
 10358 | D:11     | Noticed a two-headed ogre
 10364 | D:11     | Killed a two-headed ogre
 10364 | D:11     | Reached *** piety under Okawaru
 10365 | D:11     | Reached skill level 15 in Axes
 11041 | D:12     | Reached skill level 10 in Fighting
 11238 | D:12     | Noticed a boulder beetle
 11247 | D:12     | Reached **** piety under Okawaru
 11257 | D:12     | Killed a boulder beetle
 11258 | D:12     | Reached XP level 12. HP: 66/106 MP: 0/11
 11694 | Lair:1   | Entered Level 1 of the Lair of Beasts
 11694 | Lair:1   | Found an ornate altar of the Wu Jian Council.
 11969 | Lair:1   | Reached skill level 16 in Axes
 11972 | Lair:1   | Reached ***** piety under Okawaru
 12980 | Lair:2   | Noticed an eight-headed hydra
 13081 | Orc:1    | Entered Level 1 of the Orcish Mines
 13081 | Orc:1    | Found Gaid's Mass Market.
 13198 | Orc:1    | Reached skill level 1 in Stealth
 13755 | Orc:2    | Entered Level 2 of the Orcish Mines
 13928 | Orc:2    | Noticed a two-headed ogre
 13942 | Orc:2    | Killed a two-headed ogre
 14375 | Orc:2    | Noticed Saint Roka
 14375 | Orc:2    | Noticed an orc high priest
 14620 | Orc:2    | Paralysed by an orc sorcerer for 2 turns
 14626 | Orc:2    | Received a gift from Okawaru
 14829 | Orc:2    | Paralysed by an orc sorcerer for 2 turns
 14849 | Orc:2    | Killed an orc high priest
 14850 | Orc:2    | Reached skill level 10 in Shields
 14859 | Orc:2    | Reached XP level 13. HP: 89/117 MP: 0/12
 14867 | Orc:2    | Reached skill level 1 in Invocations
 14962 | Orc:2    | Reached skill level 17 in Axes
 15001 | Orc:2    | Killed Saint Roka
 15205 | Orc:2    | Found Ulankov's General Store.
 15211 | Orc:2    | Found Nitich's Jewellery Boutique.
 15279 | Orc:2    | Found Wocum's Antique Weapon Boutique.
 15319 | Orc:2    | Bought the ring of Sin {Will+ rCorr} for 564 gold pieces
 15679 | Orc:2    | Found a staircase to the Elven Halls.
 15691 | Orc:2    | Identified the +2 pair of boots of Rego Goqo {rF+ Str+2}
                  | (Okawaru gifted it to you on level 2 of the Orcish Mines)
 15691 | Orc:2    | Received a gift from Okawaru
 15780 | Orc:2    | Found Epenumok's Antique Armour Boutique.
 16282 | D:13     | Found a frozen archway.
 16366 | IceCv    | Entered an ice cave
 17344 | D:13     | Found a portal to a secret trove of treasure.
 17574 | D:13     | HP: 5/122 [entropy weaver (shapeshifter) (4)]
 17578 | D:13     | Slain by an entropy weaver (shapeshifter)

Illustrated notes

Levels and vault maps discovered:
D:1:      minmay_arrival_radiant_lines, layout_loops_ring, minmay_surrounded
D:2:      layout_loops_ring, minmay_tetromino_l4
D:3:      layout_basic, mainiacjoe_overflow_24_doors,
          hellmonk_ecumenical_altar_lost_god, kennysheep_generic_room_5
D:4:      layout_cave_pools, serial_column_ruins, column_ruins_hut,
          column_ruins_columns_straight, column_ruins_open_large,
          column_ruins_columns_plus, gup_sewer_entry_pipe
D:5:      layout_cave_pools, mainiacjoe_overflow_concentric_impassable,
          fedhas_altar_4, kennysheep_cross_bottleneck, uniq_prince_ribbit1,
          uniq_crazy_yiuf_cottage, uniq_ijyb
D:6:      layout_rooms, mainiacjoe_overflow_six_doors_small,
          minmay_temple_entry_glass, uniq_maggie, uniq_blork_the_orc
D:7:      layout_basic, mainiacjoe_overflow_alcove_2, uniq_menkaure
D:8:      layout_basic, nicolae_ru_sacrificial_ziggurat,
          hangedman_abyss_or_decor_stabs
D:9:      layout_rooms, mainiacjoe_overflow_boulevard,
          gammafunk_ghost_necromancy
D:10:     lemuel_reptile_caves, layout_rooms, mainiacjoe_overflow_alcove_1,
          mainiacjoe_overflow_small_starburst, nicolae_vehumet_radiance,
          serial_co_window_serial, co_window_cross_1,
          co_window_of_opportunity_a, co_window_corner_a, co_window_paths_a,
          co_window_paths_b, co_window_paths_a, co_window_paths_a,
          co_window_corner_b, co_window_broadway_a, co_window_corner_ca,
          glass_columns_b, glass_columns_b, glass_columns_a, glass_columns_a,
          glass_columns_c, nrook_mini_backslash
D:11:     nicolae_cairo_tiling, layout_loops_corners,
          due_lair_maze_entry_diamond, minmay_orc_entry_temple_small,
          serial_glass, glass_columns_a, glass_columns_a, glass_columns_a,
          glass_columns_b, due_unseen_surprise, serial_shops,
          nicolae_shop_rolling_square, special_room [special_room_orc],
          uniq_urug
D:12:     layout_rooms
D:13:     layout_basic, erik_vaults_1, portal_ice_cave_entry_animals_and_master,
          nicolae_trove_entry_crossroad
Temple:   hellmonk_temple_flake
Lair:1:   layout_loops_ring, basic_altar, lemuel_fruit_fields
Lair:2:   layout_chaotic_city
Orc:1:    layout_diamond_mine, basic_altar, minmay_shop_mass,
          lemuel_statue_altar, nicolae_orc_stony_grotto
Orc:2:    grunt_orc_cross, layout_caves, nicolae_orc_pool_cavern,
          uniq_saint_roka

Skill      XL: |  1  2  3  4  5  6  7  8  9 10 11 12 13 |
---------------+----------------------------------------+-----
Shields        | 4 5 6 7 8 10 | 10.9
Long Blades    | 3 4 5 6 |  6.0
Armour         | 4 5 6 7 8 9 11 12 13 | 13.2
Fighting       | 4 5 6 7 8 10 12 13 | 13.2
Dodging        | 1 2 |  2.9
Axes           | 2 5 8 11 13 15 16 17 | 17.4
Stealth        | 1 |  1.1
Invocations    | 1 |  1.8
Evocations     | |  0.9

Action                     |  1- 3 |  4- 6 |  7- 9 | 10-12 | 13-15 || total
---------------------------+-------+-------+-------+-------+-------++-------
  Melee: Long sword        |    94 |   146 |       |       |       ||   240
         Headbutt          |    13 |    23 |    28 |   119 |    45 ||   228
         War axe           |       |    37 |   165 |   527 |   210 ||   939
 Invoke: Heroism           |       |       |       |     6 |     4 ||    10
  Evoke: Wand              |       |       |       |     3 |     1 ||     4
    Use: Potion            |     3 |     2 |       |     7 |     6 ||    18
         Scroll            |     1 |     6 |     3 |     5 |     5 ||    20
   Stab: Distracted        |       |       |       |     1 |       ||     1
 Armour: Chain mail        |    53 |   140 |    50 |       |       ||   243
         Scale mail        |     1 |       |       |       |       ||     1
         Plate armour      |       |       |    37 |   284 |    69 ||   390
  Dodge: Dodged            |    38 |    83 |    64 |   187 |    52 ||   424
  Block: Buckler           |    14 |    41 |    45 |   214 |   103 ||   417
         Reflection        |       |       |       |     8 |     3 ||    11
